 Dungeon Crawl Stone Soup version 0.29-a0-520-gc852659d43 (webtiles) character file.

Game seed: 1808697961984096887

128 Lekart the Skirmisher (level 4, -2/61 HPs)
             Began as a Draconian Chaos Knight on May 29, 2022.
             Was a Plaything of Xom.
             Slain by a red devil
             ... wielding a +0 trident
             ... summoned by Xom
              (5 damage)
             ... on level 3 of the Dungeon on May 31, 2022.
             The game lasted 00:05:12 (3123 turns).

Lekart the Skirmisher (Draconian Chaos Knight)      Turns: 3123, Time: 00:05:12

Health: -2/61      AC: 22    Str: 14      XL:     4   Next: 87%
Magic:  4/4        EV:  2    Int: 10 (12) God:    Xom [......]
Gold:   147        SH:  0    Dex: 13 (15) Spells: 3/3 levels left

rFire   . . .      SeeInvis .   a - +0 falchion (chaos)
rCold   . . .      Faith    .   (no shield)
rNeg    . . .      Spirit   .   (body armour unavailable)
rPois   +          Reflect  .   (helmet currently unavailable)
rElec   .          Harm     .   (cloak currently unavailable)
rCorr   .          Rampage  .   (gloves currently unavailable)
Will    +....      NoTele   +   (boots currently unavailable)
Stlth   +.........              l - amulet of magic regeneration
HPRegen 0.20/turn               e - ring of willpower
MPRegen 0.49/turn               (no ring)

@: tree-form, spiked, hasted, very quick
A: stationary, stasis, torment immunity, boosted hp, AC +5, unfitting armour,
(cold-blooded), agile 1, deterioration 2
a: Renounce Religion


You were on level 3 of the Dungeon.
You worshipped Xom.
You were a very special plaything of Xom.
You were a tree.
You visited 1 branch of the dungeon, and saw 3 of its levels.

You collected 147 gold pieces.

Inventory:

Hand Weapons
 a - a +0 falchion of chaos (weapon)
Missiles
 m - a javelin (quivered)
Armour
 n - a +0 cloak (melded)
Jewellery
 e - a ring of willpower (left branch)
 i - a ring of resist corrosion
 l - an amulet of magic regeneration (around neck)
Scrolls
 g - a scroll of blinking {unknown}
 h - 4 scrolls of identify {unknown}
 j - a scroll of enchant weapon {unknown}
 k - a scroll of enchant armour {unknown}
 o - a scroll of poison {unknown}
Miscellaneous
 b - a piece from Xom's chessboard (15/15)


   Skills:
 * Level 4.7 Fighting
 + Level 4.3 Long Blades
 + Level 2.6 Dodging


You had 3 spell levels left.
You didn't know any spells.
Your spell library was empty.

Dungeon Overview and Level Annotations

Branches:
Dungeon (3/15)

Altars:


Innate Abilities, Weirdness & Mutations

You are a tree.
Your roots penetrate the ground, keeping you stationary.
You cannot be teleported.
You are immune to unholy pain and torment.
Your maximum health is greatly increased.
Your equipment is partially melded.
((Your plain brown scales are hard. (AC +5)))
You cannot fit into any form of body armour.
((You are cold-blooded and may be slowed by cold attacks.))
You are agile. (Dex +2)
Your body often deteriorates upon taking damage.


Message History

There is a stone staircase leading down here. "Fight to survive, mortal."
There are monsters nearby!
You hit the red devil but do no damage. The white imp gestures at you.
The puff of frost hits you. The red devil closely misses you.
There are monsters nearby!
You hit the red devil but do no damage. The white imp gestures at you.
The puff of frost misses you.
The puff of frost hits the red devil!
The red devil is frozen!
Xom is highly amused!
The red devil hits you with a +0 trident!!
Your body deteriorates!
You feel dopey.
Barbed spikes become lodged in your body.
There are monsters nearby!
You are too injured to fight recklessly!
You are too injured to fight recklessly!
Okay, then.
As you read the scroll of teleportation, it crumbles to dust.
You feel strangely unstable. The white imp closely misses you.
The red devil hits you with a +0 trident!
* * * LOW HITPOINT WARNING * * *
Barbed spikes become lodged in your body.
It was a potion of lignification.
You turn into a tree.
Your +0 cloak melds into your body.
Your roots penetrate the ground.
You feel strangely stable.
Xom roars with laughter!
The white imp hits you but does no damage.
The red devil hits you with a +0 trident!
* * * LOW HITPOINT WARNING * * *
Your body deteriorates!
You feel clumsy.
Barbed spikes become lodged in your body.
It was a potion of haste.
You feel yourself speed up. The white imp hits you.
* * * LOW HITPOINT WARNING * * *
The white imp freezes you.
* * * LOW HITPOINT WARNING * * *
The red devil hits you with a +0 trident.
You die...
Xom yawns loudly!

#)#
##....#.###.###
#.# ####...#
#.... #.#
###.###.###
#.### #.....#
#...# ###.#.#
###># #.#.# #.#
#...# #5#
######..# #♣#
#.......# #4#
#.####.## #5#
#.# #.# #.# #.#
#.#### #.# #.#
#..... #.# #.#
###### #.# #.#
#.# #.# #.#
#.#####


You could see a red devil (summoned), a crimson imp (summoned) and a white imp
(summoned).

Vanquished Creatures
  An orc wizard (D:3)
  An adder (D:3)
  A river rat (D:3)
  A worm (D:2)
  A dart slug (D:1)
  7 orcs
  5 bats
  5 endoplasms
  A giant cockroach (D:2)
  4 goblins
  8 hobgoblins
  4 jackals (D:2)
  6 kobolds
  5 quokkas
  7 ball pythons
  3 frilled lizards
  4 rats
64 creatures vanquished.

Vanquished Creatures (collateral kills)
  A goblin (D:3)
1 creature vanquished.

Grand Total: 65 creatures vanquished

Notes
Turn   | Place    | Note
-------+----------+-------------------------------------------
     0 | D:1      | Lekart the Draconian Chaos Knight began the quest for the
                  | Orb.
     0 | D:1      | Reached XP level 1. HP: 19/19 MP: 1/1
    93 | D:1      | XOM: silly message
   252 | D:1      | Reached XP level 2. HP: 27/27 MP: 2/2
   368 | D:1      | XOM: potion effect (brilliance)
   580 | D:1      | XOM: silly message
   896 | D:2      | Reached XP level 3. HP: 30/33 MP: 3/3
  1148 | D:2      | Found a faded altar of an unknown god.
  1441 | D:2      | XOM: give mutations
  1441 | D:2      | Gained mutation: Your body sometimes deteriorates upon
                  | taking damage. [Xom's mischief]
  1441 | D:2      | Gained mutation: You are agile. (Dex +2) [Xom's mischief]
  1441 | D:2      | Gained mutation: Your body often deteriorates upon taking
                  | damage. [Xom's mischief]
  1646 | D:2      | XOM: snakes to sticks
  1818 | D:3      | XOM: cast spell 'Death Channel'
  1824 | D:3      | Reached XP level 4. HP: 36/41 MP: 4/4
  1884 | D:3      | XOM: summons 2 hostile shadow creatures
  1989 | D:3      | XOM: polymorph orc -> river rat
  2289 | D:3      | Upgraded the game from 0.29-a0-509-g793eeb5391 to
                  | 0.29-a0-515-g7c1fb6cc08
  2289 | D:3      | Upgraded the game from 0.29-a0-515-g7c1fb6cc08 to
                  | 0.29-a0-520-gc852659d43
  2935 | D:3      | XOM: torment (22/41 hp)
  3118 | D:3      | XOM: summons 3 hostile demons
  3119 | D:3      | Noticed a red devil
  3123 | D:3      | HP: 3/61 [white imp[Xom] (3)]
  3123 | D:3      | Slain by a red devil

Illustrated notes

Levels and vault maps discovered:
D:1:      psy_arrival_conway, layout_loops_cross
D:2:      layout_basic, dilly_ecumenical_altar_fadedgnrine,
          guppyfry_early_orc_mine
D:3:      layout_loops_ring

Skill      XL: |  1  2  3  4 |
---------------+-------------+-----
Fighting       | 4 |  4.7
Long Blades    | 4 |  4.3
Dodging        | |  2.6

Action                   |  1- 3 |  4- 6 || total
-------------------------+-------+-------++-------
Melee: Falchion          |   107 |    49 ||   156
       Tailslap          |    13 |     3 ||    16
       Punch             |     2 |       ||     2
Throw: Throwing net      |     2 |       ||     2
       Javelin           |       |     1 ||     1
Evoke: Piece from Xom's  |     1 |       ||     1
  Use: Scroll            |     3 |     1 ||     4
       Potion            |       |     2 ||     2
 Stab: Sleeping          |     2 |     1 ||     3
Armor: Skin              |    34 |    20 ||    54
Dodge: Dodged            |    46 |    51 ||    97

Table legend: (Time is in decaauts)
 A = Elapsed time spent in this place.
 B = Non-inter-level travel time spent in this place.
 C = Inter-level travel time spent in this place.
 D = Time resting spent in this place.
 E = Time spent auto-exploring this place.
 F = Levels seen in this place.
 G = Mean time per level.
                   A        B        C        D        E       F      G
               +--------+--------+--------+--------+--------+-----+--------+
         Total |   3152 |   3068 |     84 |    265 |   2372 |   3 | 1050.7 |
       Dungeon |   3152 |   3068 |     84 |    265 |   2372 |   3 | 1050.7 |
               +--------+--------+--------+--------+--------+-----+--------+

Top non-repeatable levels by time:
     D:3: 1319 daAuts
     D:2: 950 daAuts
     D:1: 882 daAuts
